 Dungeon Crawl Stone Soup version 0.24-a0-725-gf1a930fc54 (console) character file.

Game seed: 12699321269738097088, levelgen mode: deterministic

142954 Lexodia the Severer (level 17, -11/137 HPs)
             Began as a Formicid Fighter on Oct 1, 2019.
             Was a Priest of Qazlal.
             Mangled by a deep elf blademaster
             ... wielding a +0 rapier
              (24 damage)
             ... on level 3 of the Elven Halls.
             The game lasted 01:29:25 (25695 turns).

Lexodia the Severer (Formicid Fighter)             Turns: 25695, Time: 01:29:26

Health: -11/137    AC: 20    Str: 32    XL:     17   Next: 98%
Magic:  25/28      EV: 32    Int: 13    God:    Qazlal [***...]
Gold:   1127       SH: 28    Dex: 13    Spells: 16/16 levels left

rFire    + + .     SeeInvis +   W - +1 battleaxe (chop)
rCold    . . .     Gourm    .   n - +2 large shield
rNeg     . . .     Faith    .   t - +0 ring mail of the End {Int+2 Dex+3 Slay+2}
rPois    .         Spirit   .   (helmet unavailable)
rElec    .         Reflect  .   w - +1 cloak
rCorr    .         Harm     .   h - +1 pair of gloves "Quiblust" {MR++}
MR       ++++.                  k - +0 pair of boots
Stlth    +.........             H - amulet of Nynoghud {Acrobat rF+ MR+ Int+4 Dex-5}
HPRegen  0.72/turn              c - +2 ring of protection
MPRegen  0.21/turn              q - ring of protection from fire

@: mighty, agile, acrobat
A: permanent stasis, dig shafts and tunnels, four strong arms, antennae 3, slimy
green scales 1, yellow scales 1, dopey 1, regeneration 1, evolution 1
a: Dig, Shaft Self, Upheaval, Elemental Force, Renounce Religion


You were on level 3 of the Elven Halls.
You worshipped Qazlal.
Qazlal was most pleased with you.
You were hungry.

You visited 5 branches of the dungeon, and saw 27 of its levels.

You collected 2767 gold pieces.
You spent 1640 gold pieces at shops.

Inventory:

Hand Weapons
 R - a +1 battleaxe
 V - the +9 mace of the Valley {crush, rPois rC+}
   (You found it on level 3 of the Lair of Beasts)

   It inflicts extra damage upon your enemies.
   It protects you from cold.
   It protects you from poison.
 W - a +1 battleaxe of chopping (weapon)
 X - a +0 war axe of electrocution
Missiles
 s - 29 boomerangs (quivered)
Armour
 e - a +1 chain mail of cold resistance
 h - the +1 pair of gloves "Quiblust" (worn) {MR++}
   (You found it on level 4 of the Dungeon)

   It affects your resistance to hostile enchantments.
 k - a +0 pair of boots (worn)
 n - a +2 large shield (worn)
 t - the +0 ring mail of the End (worn) {Int+2 Dex+3 Slay+2}
   (You found it on level 4 of the Dungeon)

   It affects your intelligence (+2).
   It affects your dexterity (+3).
   It affects your accuracy and damage with ranged weapons and melee attacks
   (+2).
 w - a +1 cloak (worn)
 I - a +2 plate armour of poison resistance
 K - the +0 fire dragon scales of Least Resistance {rF++ rC- Stlth+}
   (You bought it in a shop on level 11 of the Dungeon)

   It greatly protects you from fire.
   It makes you vulnerable to cold.
   It makes you more stealthy.
 U - the +2 ring mail "Jodas" {+Inv MR- rCorr Stlth-}
   (You found it on level 5 of the Lair of Beasts)

   It affects your resistance to hostile enchantments.
   It lets you turn invisible.
   It provides partial protection from all sources of acid and corrosion.
   It makes you less stealthy.
Jewellery
 c - a +2 ring of protection (left hand)
 g - an uncursed ring of ice
 q - a ring of protection from fire (right hand)
 v - an uncursed amulet of regeneration
 B - an uncursed ring of resist corrosion
 C - an uncursed ring of magical power
 G - an uncursed amulet of faith
 H - the amulet of Nynoghud (around neck) {Acrobat rF+ MR+ Int+4 Dex-5}
   (You found it on level 6 of the Lair of Beasts)

   [amulet of the acrobat]

   It helps you evade while moving and waiting.
   It affects your intelligence (+4).
   It affects your dexterity (-5).
   It protects you from fire.
   It affects your resistance to hostile enchantments.
 L - a cursed -4 ring of dexterity
 M - an uncursed ring of see invisible
 P - a +3 ring of dexterity
Wands
 l - a wand of random effects (32)
 r - a wand of iceblast (16)
 z - a wand of paralysis (25)
 A - a wand of enslavement (7)
 E - a wand of disintegration (17)
 N - a wand of polymorph (10)
 T - a wand of acid (15)
Scrolls
 a - a scroll of immolation
 b - a scroll of fear
 o - 6 scrolls of remove curse
 p - 5 scrolls of magic mapping
 u - a scroll of enchant weapon
 y - 6 scrolls of enchant armour
 F - 3 scrolls of amnesia
 J - 2 scrolls of fog
 S - 5 scrolls of identify
Potions
 d - 4 potions of might
 i - 7 potions of curing
 m - 2 potions of agility
 x - 2 potions of cancellation
 D - 4 potions of lignification
 O - 7 potions of brilliance
 Q - 2 potions of flight
Comestibles
 f - 27 rations
 Y - 4 chunks of flesh


   Skills:
 + Level 13.2 Fighting
 * Level 17.6 Axes
 + Level 13.2 Armour
 - Level 2.0 Dodging
 - Level 1.0 Stealth
 - Level 15.0 Shields
 + Level 15.2 Invocations


You had 16 spell levels left.
You didn't know any spells.
Your spell library contained the following spells:

 Spells                   Type           Power        Failure   Level  Hunger
 Apportation              Tloc           #.....       36%         1    ##.....
 Beastly Appendage        Tmut           #.....       36%         1    ##.....
 Freeze                   Ice            #...         36%         1    ##.....
 Infusion                 Chrm           #...         36%         1    ##.....
 Magic Dart               Conj           #...         36%         1    ##.....
 Shock                    Conj/Air       #...         36%         1    ##.....
 Summon Butterflies       Summ           #.......     36%         1    ##.....
 Summon Small Mammal      Summ           #...         36%         1    ##.....
 Call Imp                 Summ           #.......     52%         2    ###....
 Shroud of Golubria       Chrm/Tloc      #.....       52%         2    ###....
 Slow                     Hex            #.......     52%         2    ###....
 Song of Slaying          Chrm           #.......     52%         2    ###....
 Sticks to Snakes         Tmut           #.......     52%         2    ###....
 Swiftness                Chrm/Air       #.......     52%         2    ###....
 Throw Frost              Conj/Ice       #.....       52%         2    ###....
 Call Canine Familiar     Summ           #.......     75%         3    ####...
 Conjure Flame            Conj/Fire      #.......     75%         3    ####...
 Lesser Beckoning         Tloc           #.........   75%         3    ####...
 Mephitic Cloud           Conj/Pois/Air  #.......     75%         3    ####...
 Ozocubu's Armour         Chrm/Ice       #.......     75%         3    ####...
 Regeneration             Chrm/Necr      #.........   75%         3    ####...
 Spectral Weapon          Hex/Chrm       #.......     75%         3    ####...
 Spider Form              Tmut/Pois      #.........   75%         3    ####...
 Static Discharge         Conj/Air       #.......     75%         3    ####...
 Summon Guardian Golem    Hex/Summ       #.......     75%         3    ####...
 Tukima's Dance           Hex            #.......     75%         3    ####...
 Airstrike                Air            #.........   98%         4    #####..
 Cause Fear               Hex            #.........   98%         4    #####..
 Ice Form                 Ice/Tmut       #.......     98%         4    #####..
 Summon Ice Beast         Ice/Summ       #.......     98%         4    #####..
 Summon Lightning Spire   Summ/Air       #.......     98%         4    #####..
 Throw Icicle             Conj/Ice       #.......     98%         4    #####..
 Alistair's Intoxication  Tmut/Pois      #.......     100%        5    ######.
 Blade Hands              Tmut           #.........   100%        5    ######.
 Lightning Bolt           Conj/Air       #.........   100%        5    ######.
 Freezing Cloud           Conj/Ice/Air   #.........   100%        6    #######
 Invisibility             Hex            #.......     100%        6    #######
 Discord                  Hex            #.........   100%        8    #######
 Blink                    Tloc           Unusable     N/A         2    N/A

Dungeon Overview and Level Annotations

Branches:
Dungeon (15/15)            Temple (1/1) D:4            Lair (6/6) D:11
  Swamp (0/4) Lair:2        Snake (0/4) Lair:3        Slime (0/5) Lair:6
    Orc (2/2) D:11            Elf (3/3) Orc:2        Vaults (0/5) D:13
 Depths (0/5) D:15

Altars:
Ashenzari
Cheibriados
Dithmenos
Elyvilon
Fedhas
Gozag
Hepliaklqana
Kikubaaqudgha
Makhleb
Nemelex Xobeh
Okawaru
Qazlal
Ru
Sif Muna
Trog
Uskayaw
Vehumet
Wu Jian
Xom
Yredelemnul
Zin
The Shining One
Beogh
Jiyva

Shops:
D:11 *}[[*   Orc:1 (   Orc:2 :}?}   Elf:3 *

Annotations:
D:13 1 runed translucent door, oberejnoburuli's ghost, journeyman DrCj


Innate Abilities, Weirdness & Mutations

You cannot be hasted, slowed, berserked, paralysed or teleported.
You can dig through walls and to a lower floor.
Your four strong arms can wield two-handed weapons with a shield.
You have a pair of large antennae on your head. (SInv)
You are partially covered in slimy green scales. (AC +2)
You are partially covered in yellow scales. (AC +2)
You are dopey. (Int -2)
Your natural rate of healing is unusually fast.
You evolve.


Message History

The deep elf annihilator casts a spell.
The deep elf annihilator blinks!
Damage: -4%(-5hp) hp: 15%(20hp) Unknown command.
The deep elf annihilator mumbles some strange words.
The deep elf annihilator blinks!
The deep elf sorcerer wildly gestures.
The deep elf sorcerer's hands start to glow.
The deep elf annihilator hits you with a +0 short sword!
* * * LOW HITPOINT WARNING * * *
There is an open door here.
Huge Dmg: -5%(-7hp) hp: 10%(13hp)
The deep elf annihilator casts a spell.
The deep elf annihilator blinks!
You block the deep elf annihilator's attack.
The deep elf annihilator gestures wildly while chanting.
The deep elf annihilator blinks!
The deep elf blademaster closely misses you.
The deep elf blademaster hits you with a +0 rapier!!
You die...

#..e....+{
{
#.§.((..#
#§!§()..#
{
##.§...'##
##e####.##
#e# ##.##
#.# ##.##
##e##
##.##
#.e@#
##.###+###
#...#
##.##...##
#...#
##'.....#
......
#.......
........
#......)
#........
#.....))
####...###
##.....#
#...#
##...##
####'#


You could see a deep elf blademaster, a deep elf annihilator and 2 deep elf
sorcerers.

Vanquished Creatures
  Saint Roka (Orc:2)
  Louise (Elf:2)
  A juggernaut zombie (D:15)
  The ghost of Pudublan the Demolition Dwarf, a journeyman DDFi of Makhleb (Orc:1)
  3 deep elf demonologists
  A fire dragon (Lair:6)
  Harold (D:7)
  Fannar (D:11)
  6 hydras
  3 centaur warriors
  4 vault guards (D:13)
  5 two-headed ogres
  A catoblepas (D:15)
  2 tengu warriors (D:15)
  An ogre mage (D:15)
  28 dancing weapons
  7 death yaks
  2 orc high priests
  7 deep elf knights
  The ghost of Mame the Geomancer, a novice GrEE of Sif Muna (D:8)
  An unseen horror (D:11)
  2 skeletal warriors (D:15)
  A wizard (D:14)
  The ghost of Grimm the Digger, a novice GrEE of Vehumet (D:7)
  A lindwurm (Lair:6)
  7 deep elf archers
  6 orc knights
  A phantasmal warrior (D:15)
  A necromancer (D:15)
  36 deep elf magi
  A tengu zombie (D:15)
  A wolf spider (D:15)
  13 ugly things
  6 orc sorcerers
  2 oklob plants (Lair:3)
  3 cyclopes
  A manticore (D:13)
  Joseph (D:10)
  5 black mambas
  Maurice (D:13)
  2 centaur zombies
  An ice statue (D:10)
  7 elephants (Lair:5)
  3 molten gargoyles (Lair:6)
  4 spiny frogs
  A gargoyle (D:13)
  A rime drake (Lair:6)
  6 komodo dragons
  A kobold demonologist (D:14)
  2 efreet
  A merfolk (D:9)
  8 trolls
  Prince Ribbit (D:6)
  The ghost of Fingolfin the Covered, an amateur DsWn of Okawaru (D:4)
  A hornet (shapeshifter) (Elf:2)
  8 hippogriffs
  10 slime creatures
  13 blink frogs
  4 bog bodies (Lair:2)
  A hornet (D:13)
  5 dream sheep (Lair:6)
  A shadow (D:15)
  A deep troll skeleton (D:15)
  3 water elementals
  A vampire (D:13)
  2 wraiths
  4 basilisks (Lair:6)
  36 yaks
  4 wyverns
  A fire elemental (Elf:3)
  5 hungry ghosts
  2 steam dragons
  10 vampire mosquitoes
  2 wargs
  4 hell hounds (Lair:6)
  2 swamp worms (Lair:2)
  9 water moccasins
  2 soldier ants
  2 floating eyes (D:9)
  A human zombie (D:15)
  6 porcupines
  10 ice beasts
  3 sky beasts
  A necrophage (D:9)
  An eye of draining (D:12)
  52 orc warriors
  A black bear (Lair:5)
  A boggart (shapeshifter) (D:13)
  14 ogres
  8 wolves
  13 centaurs
  9 crocodiles
  4 big kobolds
  16 bullfrogs
  An earth elemental (Elf:3)
  10 scorpions
  9 killer bees
  5 wights (D:13)
  An electric eel (Lair:2)
  7 howler monkeys
  9 crimson imps
  5 lava snakes (Lair:6)
  A bullfrog zombie (D:6)
  10 hounds
  14 jellies
  34 orc wizards
  8 centaur skeletons
  A gnoll shaman (D:8)
  24 orc priests
  4 bullfrog skeletons
  4 iguanas
  13 worker ants
  2 hound zombies
  25 adders
  15 gnolls
  2 howler monkey skeletons
  4 shadow imps
  3 oozes
  2 adder skeletons
  An adder zombie (D:7)
  2 worms
  3 dart slugs
  7 leopard geckos
  100 orcs
  7 giant cockroaches
  4 goblins
  9 hobgoblins
  6 jackals
  13 kobolds
  6 quokkas
  4 ball pythons
  3 bats
  2 frilled lizards (D:2)
  A leopard gecko zombie (D:5)
  2 quokka skeletons (D:9)
  5 rats
  A fungus (Lair:6)
  9 plants
878 creatures vanquished.

Vanquished Creatures (collateral kills)
  A deep elf blademaster (Elf:3)
  A deep elf master archer (Elf:3)
  A deep elf annihilator (Elf:3)
3 creatures vanquished.

Vanquished Creatures (others)
  3 deep elf knights (Elf:2)
  A water moccasin (Lair:6)
  An orc wizard (D:15)
  5 fungi
  12 plants
  2 withered plants (D:15)
24 creatures vanquished.

Grand Total: 905 creatures vanquished

Notes
Turn   | Place    | Note
-------+----------+-------------------------------------------
     0 | D:1      | Lexodia the Formicid Fighter began the quest for the Orb.
     0 | D:1      | Reached XP level 1. HP: 18/18 MP: 1/1
   164 | D:1      | Reached XP level 2. HP: 24/24 MP: 2/2
   354 | D:1      | Reached XP level 3. HP: 28/29 MP: 3/3
   461 | D:1      | Reached skill level 5 in Shields
  1042 | D:2      | Reached XP level 4. HP: 29/35 MP: 4/4
  1262 | D:2      | Huge Dmg: 8 dmg
  1269 | D:2      | Huge Dmg: 9 dmg
  1271 | D:2      | Huge Dmg: 5 dmg
  1674 | D:2      | Reached XP level 5. HP: 34/41 MP: 5/5
  2101 | D:3      | Noticed a bullfrog
  2108 | D:3      | Killed a bullfrog
  2298 | D:4      | Reached XP level 6. HP: 47/47 MP: 6/6
  2396 | D:4      | Found a large runed translucent door.
  2397 | D:4      | Found a large runed translucent door.
  2400 | D:4      | Noticed Fingolfin's ghost (amateur DsWn)
  2711 | D:4      | Found a staircase to the Ecumenical Temple.
  2788 | D:4      | Got a spiked ring mail
  2880 | D:4      | Got a pair of ichor-stained gloves
  2886 | D:4      | Identified the +1 pair of gloves "Quiblust" {MR++} (You
                  | found it on level 4 of the Dungeon)
  2894 | Temple   | Entered the Ecumenical Temple
  3048 | Temple   | Became a worshipper of Qazlal Stormbringer
  3136 | D:4      | Reached XP level 7. HP: 52/52 MP: 7/7
  3251 | D:5      | Entered Level 5 of the Dungeon
  3324 | D:5      | Reached skill level 1 in Stealth
  3326 | D:5      | Reached skill level 1 in Invocations
  3785 | D:5      | Reached XP level 8. HP: 43/58 MP: 10/10
  4032 | D:5      | Found a stormy altar of Qazlal.
  4101 | D:6      | Huge Dmg: 16 dmg
  4129 | D:6      | Reached skill level 3 in Axes
  4393 | D:6      | Huge Dmg: 24 dmg
  4398 | D:6      | Reached skill level 10 in Shields
  4581 | D:6      | Reached skill level 5 in Invocations
  4583 | D:6      | You fall into a shaft and drop 2 floors!
  4583 | D:8      | Noticed a wyvern
  4600 | D:8      | Huge Dmg: 14 dmg
  4601 | D:8      | Huge Dmg: 7 dmg
  4602 | D:8      | Huge Dmg: 6 dmg
  4602 | D:8      | Killed a wyvern
  4602 | D:8      | Reached skill level 4 in Axes
  4979 | D:8      | Reached * piety under Qazlal
  5042 | D:8      | Reached XP level 9. HP: 52/64 MP: 13/13
  5058 | D:8      | Identified the +0 ring mail of the End {Int+2 Dex+3 Slay+2}
                  | (You found it on level 4 of the Dungeon)
  5128 | D:8      | Reached skill level 5 in Axes
  5296 | D:8      | Huge Dmg: 13 dmg
  5368 | D:8      | Found a runed translucent gate.
  5368 | D:8      | Found a runed translucent gate.
  5368 | D:8      | Found a runed translucent gate.
  5368 | D:8      | Noticed a slime creature
  5380 | D:8      | Noticed Mame's ghost (novice GrEE)
  5382 | D:8      | Found a viscous altar of Jiyva.
  5773 | D:7      | Reached ** piety under Qazlal
  5932 | D:6      | Reached skill level 6 in Axes
  5935 | D:6      | Reached XP level 10. HP: 53/70 MP: 14/16
  5956 | D:6      | Noticed Prince Ribbit
  6176 | D:6      | Killed Prince Ribbit
  6251 | D:6      | Huge Dmg: 15 dmg
  6438 | D:6      | Reached skill level 7 in Axes
  6813 | D:7      | Noticed Harold
  6835 | D:7      | Huge Dmg: 15 dmg
  6840 | D:7      | Killed Harold
  6840 | D:7      | Reached skill level 1 in Dodging
  6849 | D:7      | Found a runed translucent door.
  6864 | D:7      | Noticed Grimm's ghost (novice GrEE)
  7321 | D:7      | Reached *** piety under Qazlal
  7333 | D:7      | Reached XP level 11. HP: 77/77 MP: 18/18
  7369 | D:7      | Found a burning altar of Makhleb.
  7369 | D:7      | Found an iron altar of Okawaru.
  7675 | D:9      | Noticed a two-headed ogre
  7677 | D:9      | Reached skill level 8 in Axes
  7688 | D:9      | Reached skill level 5 in Fighting
  7689 | D:9      | Killed a two-headed ogre
  7689 | D:9      | Reached skill level 5 in Armour
  7689 | D:9      | Reached skill level 10 in Invocations
  7691 | D:9      | Huge Dmg: 15 dmg
  7836 | D:9      | Reached **** piety under Qazlal
  7847 | D:9      | Huge Dmg: 22 dmg
  7851 | D:9      | Huge Dmg: 9 dmg
  7999 | D:10     | Entered Level 10 of the Dungeon
  8680 | D:10     | Noticed Joseph
  8696 | D:10     | Killed Joseph
  8845 | D:10     | Reached skill level 9 in Axes
  9093 | D:10     | Reached XP level 12. HP: 88/88 MP: 19/19
  9297 | D:10     | Gained mutation: Scrolls take you a little longer to read.
                  | [potion of mutation]
  9297 | D:10     | Gained mutation: You evolve. [potion of mutation]
  9307 | D:10     | Huge Dmg: 21 dmg
  9402 | D:11     | Noticed a death yak
  9402 | D:11     | Noticed a death yak
  9403 | D:11     | Noticed a death yak
  9422 | D:11     | Huge Dmg: 22 dmg
  9427 | D:11     | Noticed a death yak
  9451 | D:10     | Huge Dmg: 18 dmg
  9452 | D:10     | Killed a death yak
  9552 | D:11     | Noticed a seven-headed hydra
  9555 | D:11     | Killed a seven-headed hydra
  9578 | D:11     | Noticed Fannar
  9606 | D:11     | Reached skill level 10 in Axes
  9627 | D:11     | Killed Fannar
  9727 | D:11     | Found Kuwi's General Store.
  9731 | D:11     | Bought a potion of invisibility for 96 gold pieces
  9731 | D:11     | Bought a potion of degeneration for 12 gold pieces
  9814 | D:11     | Found a white marble altar of Elyvilon.
  9829 | D:11     | Found Pufi's Antique Armour Shop.
 10015 | D:11     | Huge Dmg: 16 dmg
 10019 | D:11     | Huge Dmg: 20 dmg
 10079 | D:10     | Killed a death yak
 10179 | D:11     | Killed a death yak
 10189 | D:11     | Killed a death yak
 10227 | D:11     | Found a staircase to the Orcish Mines.
 10488 | D:11     | Found a staircase to the Lair.
 10603 | D:11     | Noticed an unseen horror
 10615 | D:11     | Killed an unseen horror
 10617 | D:11     | Found Rofy's General Store.
 10628 | D:11     | Found Deyst's Armour Boutique.
 10645 | D:11     | Bought a potion of lignification for 36 gold pieces
 10645 | D:11     | Bought a potion of heal wounds for 60 gold pieces
 10645 | D:11     | Bought 2 potions of might for 96 gold pieces
 10716 | D:11     | Found Lipleclisos's Gadget Shop.
 10752 | Orc:1    | Entered Level 1 of the Orcish Mines
 10759 | Orc:1    | Reached skill level 11 in Axes
 10765 | Orc:1    | Found Hoary's Weapon Shop.
 10850 | Orc:1    | Reached skill level 15 in Shields
 10874 | Orc:1    | Reached XP level 13. HP: 92/95 MP: 20/20
 10895 | Orc:1    | Reached ***** piety under Qazlal
 11106 | Orc:1    | Found a bloodstained altar of Trog.
 11116 | Orc:1    | Huge Dmg: 22 dmg
 11292 | Orc:1    | Found a roughly hewn altar of Beogh.
 11404 | Orc:1    | Found a runed translucent gate.
 11404 | Orc:1    | Found a runed translucent gate.
 11404 | Orc:1    | Found a runed translucent gate.
 11406 | Orc:1    | Found an opulent altar of Gozag.
 11406 | Orc:1    | Noticed Pudublan's ghost (journeyman DDFi)
 11675 | Orc:2    | Entered Level 2 of the Orcish Mines
 11750 | Orc:2    | Gained mutation: You are partially covered in slimy green
                  | scales. (AC +2) [evolution]
 11830 | Orc:2    | Found a staircase to the Elven Halls.
 11897 | Orc:2    | Noticed a centaur warrior
 11902 | Orc:2    | Killed a centaur warrior
 11911 | Orc:2    | Reached skill level 12 in Axes
 11918 | Orc:2    | Huge Dmg: 33 dmg
 12038 | Orc:2    | Found Foricyrr's Magic Scroll Shop.
 12038 | Orc:2    | Found Wiajiupt's Gadget Emporium.
 12051 | Orc:2    | Found Vutroun's Gadget Boutique.
 12053 | Orc:2    | Found Retonnuq's Book Shoppe.
 12061 | Orc:2    | Noticed Saint Roka
 12081 | Orc:2    | Huge Dmg: 38 dmg
 12088 | Orc:2    | Huge Dmg: 13 dmg
 12090 | Orc:2    | Huge Dmg: 5 dmg
 12091 | Orc:2    | Killed Saint Roka
 12293 | Orc:2    | Bought a scroll of identify for 20 gold pieces
 12293 | Orc:2    | Bought a scroll of fog for 20 gold pieces
 12706 | D:4      | Killed Fingolfin's ghost
 12783 | D:7      | Killed Grimm's ghost
 12783 | D:7      | Reached XP level 14. HP: 93/106 MP: 22/22
 12846 | D:8      | Killed Mame's ghost
 12933 | D:11     | Bought twisted fire dragon scales for 1300 gold pieces
 12943 | D:11     | Identified the cursed +0 fire dragon scales of Least
                  | Resistance {rF++ rC- Stlth+} (You bought it in a shop on
                  | level 11 of the Dungeon)
 13256 | D:12     | Reached skill level 13 in Axes
 13435 | D:12     | Gained mutation: You are dopey. (Int -2) [evolution]
 13671 | D:13     | Noticed Maurice
 13688 | D:13     | Killed Maurice
 14053 | D:13     | Reached ****** piety under Qazlal
 14092 | D:13     | Huge Dmg: 17 dmg
 14101 | D:13     | Huge Dmg: 13 dmg
 14274 | D:13     | Found a runed translucent door.
 14275 | D:13     | Found a shimmering altar of Xom.
 14276 | D:13     | Noticed oberejnoburuli's ghost (journeyman DrCj)
 14340 | D:13     | Found a gate to the Vaults.
 14667 | D:13     | Gained mutation: Your natural rate of healing is unusually
                  | fast. [evolution]
 14869 | D:14     | Huge Dmg: 37 dmg
 14871 | D:14     | Reached skill level 14 in Axes
 14874 | D:14     | Reached skill level 10 in Fighting
 14878 | D:14     | Reached skill level 10 in Armour
 15072 | D:14     | Reached XP level 15. HP: 115/115 MP: 24/24
 15249 | D:14     | Found an iron altar of Okawaru.
 15625 | D:15     | Entered Level 15 of the Dungeon
 15676 | D:15     | Huge Dmg: 34 dmg
 15736 | D:15     | Huge Dmg: 31 dmg
 16057 | D:15     | Found a staircase to the Depths.
 16072 | D:15     | Huge Dmg: 32 dmg
 16083 | D:15     | Huge Dmg: 15 dmg
 16111 | D:15     | Huge Dmg: 36 dmg
 16141 | D:15     | Reached skill level 15 in Axes
 16347 | Lair:1   | Entered Level 1 of the Lair of Beasts
 17197 | Lair:2   | Found a sacrificial altar of Ru.
 17360 | Lair:2   | Found a staircase to the Swamp.
 18254 | Lair:3   | Huge Dmg: 31 dmg
 18357 | Lair:3   | Found a staircase to the Snake Pit.
 19558 | Lair:5   | Reached XP level 16. HP: 113/125 MP: 17/26
 19590 | Lair:5   | Found a burning altar of Makhleb.
 20443 | Lair:6   | Entered Level 6 of the Lair of Beasts
 20522 | Lair:6   | Huge Dmg: 41 dmg
 20523 | Lair:6   | Huge Dmg: 27 dmg
 21025 | Lair:6   | Found a staircase to the Slime Pits.
 21134 | Lair:6   | Reached skill level 16 in Axes
 21168 | Lair:6   | Found a large runed translucent door.
 21213 | Lair:6   | Found a large runed translucent door.
 21675 | Lair:6   | Got a heavily runed zirconium amulet
 21685 | Lair:6   | Identified the amulet of Nynoghud {Acrobat rF+ MR+ Int+4
                  | Dex-5} (You found it on level 6 of the Lair of Beasts)
 21994 | Orc:1    | Huge Dmg: 31 dmg
 21995 | Orc:1    | Killed Pudublan's ghost
 22083 | Elf:1    | Entered Level 1 of the Elven Halls
 22134 | Elf:1    | Noticed a Hell Sentinel
 22595 | Elf:1    | Gained mutation: You are partially covered in yellow
                  | scales. (AC +2) [evolution]
 22746 | Elf:1    | Identified the Guide on the Entourage
 22817 | Elf:1    | Identified Teocofoh's Tome of Hexes and the Birds
 23132 | Elf:1    | Huge Dmg: 22 dmg
 23180 | Elf:2    | Reached XP level 17. HP: 105/134 MP: 27/27
 23350 | Lair:3   | Got a crystal mace
 23442 | Lair:5   | Got a black opal-encrusted ring mail
 23453 | Lair:5   | Identified the +2 ring mail "Jodas" {+Inv MR- rCorr Stlth-}
                  | (You found it on level 5 of the Lair of Beasts)
 23463 | Lair:5   | Identified the +9 mace of the Valley {crush, rPois rC+}
                  | (You found it on level 3 of the Lair of Beasts)
 23772 | Elf:2    | Huge Dmg: 26 dmg
 23773 | Elf:2    | Huge Dmg: 25 dmg
 23775 | Elf:2    | Huge Dmg: 20 dmg
 23822 | Elf:2    | Huge Dmg: 17 dmg
 24060 | Elf:2    | Found a runed translucent door.
 24100 | Elf:2    | Found a runed translucent door.
 24378 | Elf:2    | Noticed Louise
 24398 | Elf:2    | Huge Dmg: 30 dmg
 24412 | Elf:2    | Killed Louise
 24417 | Elf:2    | Reached skill level 17 in Axes
 24444 | Elf:2    | Huge Dmg: 19 dmg
 24453 | Elf:2    | Huge Dmg: 31 dmg
 24456 | Elf:2    | Huge Dmg: 2 dmg
 24672 | Elf:2    | Huge Dmg: 30 dmg
 24696 | Elf:2    | Huge Dmg: 18 dmg
 24703 | Elf:2    | Huge Dmg: 10 dmg
 24705 | Elf:2    | Huge Dmg: 9 dmg
 24707 | Elf:2    | Reached skill level 15 in Invocations
 24846 | Elf:2    | Lost mutation: Scrolls take you a little longer to read.
                  | [evolution]
 25156 | Elf:3    | Entered Level 3 of the Elven Halls
 25298 | Elf:3    | Huge Dmg: 29 dmg
 25466 | Elf:3    | Found Muirim's General Store.
 25571 | Elf:3    | Noticed a Hell Sentinel
 25642 | Elf:3    | Noticed a deep elf blademaster
 25643 | Elf:3    | Noticed a deep elf blademaster
 25653 | Elf:3    | Noticed a deep elf master archer
 25653 | Elf:3    | Noticed a deep elf master archer
 25667 | Elf:3    | Huge Dmg: 34 dmg
 25670 | Elf:3    | Huge Dmg: 25 dmg
 25676 | Elf:3    | Huge Dmg: 30 dmg
 25689 | Elf:3    | Killed a deep elf master archer
 25690 | Elf:3    | Huge Dmg: 17 dmg
 25690 | Elf:3    | Killed a deep elf blademaster
 25691 | Elf:3    | Huge Dmg: 12 dmg
 25695 | Elf:3    | Huge Dmg: 7 dmg
 25695 | Elf:3    | Mangled by a deep elf blademaster

Levels and vault maps discovered:
D:1:      onia_arrival_handbag, layout_loops_corners, minmay_misc_feat_five,
          roderic_lattice_a, minmay_quantized
D:2:      layout_basic, minmay_tiny_reverse_x
D:3:      layout_basic, first_ration, yredelemnul_altar_generic,
          uniq_crazy_yiuf_cottage, uniq_sigmund
D:4:      layout_loops_cross, minmay_temple_entry_nine_rooms,
          ebering_ghost_disaster_area
D:5:      layout_basic, nicolae_qazlal_eye_of_the_storm
D:6:      layout_basic, kennysheep_generic_room_16, uniq_prince_ribbit1
D:7:      layout_basic, chequers_temple_overflow_statue_of_worship,
          ebering_ghost_reflecting_pool, minmay_quadrilaterals, uniq_harold
D:8:      layout_loops_ring, gammafunk_ghost_ooze
D:9:      kennysheep_blocky_hall, layout_basic, nicolae_sextant,
          hangedman_fish_farm, onia_ninara_cookie
D:10:     layout_gridville, grunt_ministairs_14, corexii_corridor_pit,
          minivault_15, uniq_joseph
D:11:     layout_grid_maze, dpeg_lair_monsters, david_orc_2, serial_shops, shop,
          nicolae_shop_overgrown_old_shop, shop, kennysheep_mini,
          nicolae_shop_window_shopping, grunt_ministairs_14, elyvilon_altar_5,
          uniq_fannar
D:12:     kb_forest_paths, layout_basic
D:13:     layout_stronghold, lightli_vaults_fourway_checkpoint,
          ebering_ghost_xom, uniq_maurice
D:14:     layout_basic, okawaru_ov_weapons_minmay
D:15:     gammafunk_depths_entry_grave, layout_loops_cross,
          minmay_misc_feat_doors
Temple:   regret_index_temple_chain_breaker
Lair:1:   layout_cave_pods
Lair:2:   layout_chaotic_city, nicolae_swamp_entry_splash_gauntlet, basic_altar,
          chequers_serial_rivers_micro_c, grunt_megastairs_2
Lair:3:   layout_misc_corridors, minmay_snake_entry_six_corridors,
          serial_bayou_pond_c, minmay_lair_oklob_chamber
Lair:4:   layout_cave_pods
Lair:5:   layout_regular_city, basic_altar, serial_bayou_shore_b,
          serial_bayou_shore_b, wad_woods_river_01
Lair:6:   cheibrodos_lair_end_hotspot, layout_regular_city,
          minmay_slime_entry_pillars, infiniplex_staircase_pool
Orc:1:    layout_caves, ebering_ghost_gozag, basic_altar, serial_shops, shop,
          trog_book
Orc:2:    st_orc_rangers, layout_caves, uniq_saint_roka
Elf:1:    elf_arrival_002, layout_geoelf_octagon, minmay_elf_demonology
Elf:2:    layout_geoelf_octagon, uniq_louise
Elf:3:    minmay_elf_hall, layout_geoelf_octagon, serial_shops, shop,
          serial_sigils_hangedman_confine

Skill      XL: |  1  2  3  4  5  6  7  8  9 10 11 12 13 14 15 16 17 |
---------------+----------------------------------------------------+-----
Shields        | 4 5 6 7 8 9 10 11 12 13 15 | 15.0
Stealth        | 1 |  1.0
Invocations    | 3 5 8 9 10 11 12 13 14 15 | 15.2
Axes           | 4 6 7 9 11 12 14 15 16 17 | 17.6
Fighting       | 4 6 8 10 11 12 13 | 13.2
Dodging        | 2 |  2.0
Armour         | 4 6 8 10 11 12 13 | 13.2

Action                   |  1- 3 |  4- 6 |  7- 9 | 10-12 | 13-15 | 16-18 || total
-------------------------+-------+-------+-------+-------+-------+-------++-------
Melee: War axe           |    40 |   203 |   422 |   785 |   665 |       ||  2115
       Battleaxe         |       |       |       |       |   502 |   566 ||  1068
       Mace              |       |       |       |       |       |   107 ||   107
Throw: Boomerang         |       |       |       |     6 |     9 |     5 ||    20
Invok: Upheaval          |       |       |       |     5 |    11 |    18 ||    34
       Elemental Force   |       |       |       |       |       |     1 ||     1
 Abil: Dig               |       |       |       |    11 |     7 |     4 ||    22
Evoke: Wand              |       |       |       |     1 |     1 |       ||     2
  Use: Scroll            |     3 |     2 |     2 |     5 |     3 |     6 ||    21
       Potion            |       |       |     1 |     2 |     4 |    11 ||    18
 Stab: Paralysed         |       |       |       |       |     3 |       ||     3
  Eat: Chunk             |       |     7 |    22 |    17 |    30 |    18 ||    94
       Ration            |       |       |       |       |       |     1 ||     1
Armor: Scale mail        |     5 |    21 |       |       |       |       ||    26
       Robe              |     6 |    12 |       |       |       |       ||    18
       Chain mail        |       |    23 |    93 |       |       |       ||   116
       Ring mail         |       |       |    35 |   103 |   126 |   110 ||   374
       Fire dragon scale |       |       |       |       |       |     3 ||     3
Dodge: Dodged            |    13 |    53 |    58 |   120 |   143 |   119 ||   506
       Deflected         |       |       |       |     2 |     6 |     9 ||    17
Block: Shield            |    17 |    28 |       |       |       |       ||    45
       Large shield      |       |   162 |   483 |   864 |  1224 |   768 ||  3501

Table legend:
 A = Non-vault XP
 B = Vault XP
 C = Vault XP percentage of total XP
 D = Non-vault monster count
 E = Vault monster count
 F = Vault count percentage of total count
                 A         B        C        D         E       F
            +---------+---------+-------+---------+---------+-------
      Total |  117904 |   86316 |  42.3 |     641 |     235 |  26.8
            +---------+---------+-------+---------+---------+-------
        D:1 |      25 |      12 |  32.4 |      10 |       5 |  33.3
        D:2 |     104 |       2 |   1.9 |      22 |       2 |   8.3
        D:3 |     118 |       0 |   0.0 |      11 |       0 |   0.0
        D:4 |     281 |     283 |  50.2 |      18 |       1 |   5.3
        D:5 |     741 |       0 |   0.0 |      22 |       0 |   0.0
        D:6 |    1600 |     466 |  22.6 |      31 |       3 |   8.8
        D:7 |    1600 |    2044 |  56.1 |      27 |       7 |  20.6
        D:8 |    2263 |     995 |  30.5 |      39 |       6 |  13.3
        D:9 |    4078 |    1412 |  25.7 |      40 |      19 |  32.2
       D:10 |    1459 |    2706 |  65.0 |      16 |       5 |  23.8
       D:11 |    4915 |    2917 |  37.2 |      40 |      12 |  23.1
       D:12 |    3315 |       0 |   0.0 |      18 |       0 |   0.0
       D:13 |    7223 |    6801 |  48.5 |      42 |      13 |  23.6
       D:14 |   11496 |       0 |   0.0 |      37 |       0 |   0.0
       D:15 |   12843 |    5288 |  29.2 |      40 |       8 |  16.7
     Lair:1 |    2688 |       0 |   0.0 |      14 |       0 |   0.0
     Lair:2 |     733 |    1718 |  70.1 |       3 |       9 |  75.0
     Lair:3 |    1710 |    2736 |  61.5 |       8 |      15 |  65.2
     Lair:4 |    2757 |       0 |   0.0 |      13 |       0 |   0.0
     Lair:5 |    8461 |     609 |   6.7 |      24 |       4 |  14.3
     Lair:6 |    9410 |    8031 |  46.0 |      29 |      30 |  50.8
      Orc:1 |    4744 |    3615 |  43.2 |      55 |       4 |   6.8
      Orc:2 |    3155 |   12284 |  79.6 |      29 |      49 |  62.8
      Elf:1 |   10858 |    5305 |  32.8 |      19 |       8 |  29.6
      Elf:2 |   10013 |   25479 |  71.8 |      17 |      32 |  65.3
      Elf:3 |   11314 |    3613 |  24.2 |      17 |       3 |  15.0
            +---------+---------+-------+---------+---------+-------
